 Dungeon Crawl Stone Soup version 0.28-a0-726-g4a9143789a (webtiles) character file.

Game seed: 16163987032700694936

9804 kae the Covert (level 11, -4/56 HPs)
             Began as a Spriggan Enchanter on Oct 27, 2021.
             Was a Believer of Dithmenos.
             Killed from afar by Erica (29 damage)
             ... with a lance of force
             ... on level 1 of the Lair of Beasts.
             The game lasted 00:13:00 (13134 turns).

kae the Covert (Spriggan Enchanter)                Turns: 13134, Time: 00:13:01

Health: -4/56      AC:  3    Str:  6    XL:     11   Next: 27%
Magic:  5/24       EV: 38    Int: 29    God:    Dithmenos [**....]
Gold:   547        SH:  0    Dex: 17    Spells: 5/27 levels left

rFire   + . .      SeeInvis +   a - +2 dagger (drain)
rCold   x . .      Faith    .   (shield restricted)
rNeg    . . .      Spirit   .   o - +1 robe "Keemul" {rPois Regen+}
rPois   +          Reflect  .   (helmet restricted)
rElec   +          Harm     .   (no cloak)
rCorr   .          Rampage  .   (gloves unavailable)
Will    +....                   (boots unavailable)
Stlth   ++++++....              n - amulet of the acrobat
HPRegen 1.18/turn               h - +6 ring of intelligence
MPRegen 0.19/turn               l - ring of Piuxiv {Fire rElec Int+6}

@: acrobatic, wreathed by umbra, very quick
A: very small, no large weapons, unfitting armour, see invisible, speed 3
a: Renounce Religion, Shadow Step


You were on level 1 of the Lair of Beasts.
You worshipped Dithmenos.
Dithmenos was pleased with you.
You visited 3 branches of the dungeon, and saw 12 of its levels.
You also visited: Sewer.

You collected 547 gold pieces.

Inventory:

Hand Weapons
 a - a +2 dagger of draining (weapon)
Armour
 b - a +1 robe
 o - the +1 robe "Keemul" (worn) {rPois Regen+}
   (You found it on level 5 of the Dungeon)

   rPois:     It protects you from poison.
   Regen:     It increases your rate of health regeneration.
 y - a +2 robe of willpower
Jewellery
 h - a +6 ring of intelligence (left hand)
 l - the ring of Piuxiv (right hand) {Fire rElec Int+6}
   (You found it on level 7 of the Dungeon)

   [ring of fire]

   It enhances your fire magic.
   Int:       It affects your intelligence (+6).
   rF:        It protects you from fire.
   rC:        It makes you vulnerable to cold.
   rElec:     It insulates you from electricity.
 n - an amulet of the acrobat (around neck)
 B - a +6 ring of intelligence
Wands
 m - a wand of iceblast (6)
 v - a wand of polymorph (5)
 w - a wand of acid (10)
 x - a wand of flame (55)
Scrolls
 r - a scroll of teleportation
 s - 4 scrolls of blinking
 t - 2 scrolls of magic mapping
 A - a scroll of amnesia
Potions
 c - a potion of cancellation
 d - 2 potions of might
 e - 5 potions of lignification
 f - 2 potions of flight
 g - 3 potions of degeneration {unknown}
 i - 2 potions of ambrosia {unknown}
 j - 2 potions of curing
 k - 3 potions of attraction {unknown}
 p - a potion of haste {unknown}
 q - 6 potions of heal wounds {unknown}
 u - a potion of brilliance {unknown}


   Skills:
 + Level 5.4 Fighting
 * Level 10.5 Short Blades
 + Level 9.2 Dodging
 + Level 11.3 Stealth
 + Level 8.6 Spellcasting
 + Level 8.9 Hexes


You had 5 spell levels left.
You knew the following spells:

 Your Spells              Type           Power      Damage    Failure   Level
a - Ensorcelled Hibernat  Hex/Ice        76%        N/A       1%          2
b - Confusing Touch       Hex            59%        N/A       1%          3
c - Tukima's Dance        Hex            59%        N/A       1%          3
d - Dazzling Flash        Conj/Hex       76%        N/A       1%          3
e - Swiftness             Air            12%        N/A       13%         3
f - Slow                  Hex            59%        N/A       1%          2
g - Invisibility          Hex            29%        N/A       17%         6

Your spell library contained the following spells:

 Spells                   Type           Power      Damage    Failure   Level
 Summon Guardian Golem    Hex/Summ       38%        N/A       1%          3
 Pain                     Necr           48%        1d6       4%          1
 Summon Small Mammal      Summ           48%        N/A       4%          1
 Passwall                 Tmut/Erth      10%        N/A       7%          2
 Call Canine Familiar     Summ           12%        N/A       13%         3
 Metabolic Englaciation   Hex/Ice        19%        N/A       19%         5
 Yara's Violent Unravell  Hex/Tmut       19%        3d9       19%         5
 Petrify                  Tmut/Erth      12%        N/A       41%         4
 Agony                    Necr           12%        N/A       77%         5
 Excruciating Wounds      Necr           6%         N/A       77%         5
 Statue Form              Tmut/Erth      8%         N/A       100%        6


Dungeon Overview and Level Annotations

Branches:
Dungeon (10/15)            Temple (1/1) D:6            Lair (1/6) D:9
    Orc (0/2) D:10          Sewer (visited)

Altars:
Ashenzari
Cheibriados
Dithmenos
Elyvilon
Fedhas
Gozag
Hepliaklqana
Kikubaaqudgha
Makhleb
Nemelex Xobeh
Okawaru
Qazlal
Ru
Sif Muna
Trog
Uskayaw
Vehumet
Wu Jian
Xom
Yredelemnul
Zin
The Shining One
Beogh
Jiyva

Shops:
D:4 :

Annotations:
D:9 3 runed translucent doors, casual's ghost, novice DsTm
Lair:1 Erica


Innate Abilities, Weirdness & Mutations

You are very small and have problems with some larger weapons.
You are too small for most types of armour.
You have supernaturally acute eyesight. (SInv)
You cover ground extremely quickly. (Speed+++)


Message History

The blink frog barely misses you. Erica misses you.
The blink frog completely misses you.
Casting: Ensorcelled Hibernation (safe; 1% risk of failure)
Confirm with . or Enter, or press ? or * to list all spells.
Aiming: Ensorcelled Hibernation (safe; 1% risk of failure)
Press: ? - help, Shift-Dir - straight line, f/p - Erica
Aim: Erica, wielding a +4 scimitar of flaming and wearing a +0 robe of willpower (umbra, chance to affect: 7%) Erica resists with almost no effort.
The blink frog blinks!
The blink frog barely misses you. Erica gestures at you while chanting.
The lance of force misses you.
Casting: Ensorcelled Hibernation (safe; 1% risk of failure)
Confirm with . or Enter, or press ? or * to list all spells.
Aiming: Ensorcelled Hibernation (safe; 1% risk of failure)
Press: ? - help, Shift-Dir - straight line, f/p - Erica
Aim: Erica, wielding a +4 scimitar of flaming and wearing a +0 robe of willpower (umbra, chance to affect: 7%) Erica resists with almost no effort.
The blink frog blinks!
The blink frog completely misses you.
Erica hits you with a +4 scimitar of flaming.
Erica burns you.
Casting: Ensorcelled Hibernation (safe; 1% risk of failure)
Confirm with . or Enter, or press ? or * to list all spells.
Aiming: Ensorcelled Hibernation (safe; 1% risk of failure)
Press: ? - help, Shift-Dir - straight line, f/p - Erica
Aim: Erica, wielding a +4 scimitar of flaming and wearing a +0 robe of willpower (umbra, chance to affect: 7%) Erica resists with almost no effort.
The blink frog misses you. The blink frog closely misses you.
Erica points at you and mumbles some strange words.
You are confused.
You're too confused to cast spells.
You're too confused to cast spells.
Erica misses you. The blink frog completely misses you.
You barely miss Erica.
You feel better. The blink frog closely misses you. Erica barely misses you.
The blink frog hits you!
The blink frog blinks!
Erica casts a spell at you. The lance of force hits you!!
Ouch! That really hurt!
You die...

...## :##.. ....# ...... ##
#... #...# ........# .P
#... #...# ........# .###
#... #...# ...P##..###.#.#
#...###..##...............
###........................
..........@..........<.....
...........§...............
........@F.................
...........................
..(.....†......F...........
..P........................
###...##...#...............
#..# #.......###..###.##.
#... ##..#....###..## ..##


You could see Erica and 2 blink frogs.

Vanquished Creatures
  A hydra (D:10)
  2 two-headed ogres
  A cane toad (Lair:1)
  2 kobold demonologists (D:6)
  Psyche (D:8)
  A hornet (D:8)
  2 blink frogs (Lair:1)
  Sigmund (D:2)
  A shadow (D:9)
  9 yaks
  A wraith (D:9)
  A vampire (D:7)
  A steam dragon (D:7)
  Edmund (D:6)
  3 water moccasins
  3 black bears
  10 orc warriors
  2 ice beasts
  2 sky beasts
  A hornet zombie (D:8)
  An ogre (D:5)
  4 centaurs
  5 bullfrogs
  2 scorpions
  2 water moccasin zombies
  A wyvern skeleton (D:6)
  A water moccasin skeleton (D:7)
  A howler monkey (D:5)
  3 jellies
  3 hounds
  A bullfrog zombie (D:5)
  3 centaur zombies
  A gnoll shaman (D:6)
  5 orc priests
  A bullfrog skeleton (D:7)
  2 centaur skeletons (D:7)
  Jessica (D:2)
  6 iguanas
  Natasha (D:2)
  7 orc wizards
  A hound zombie (D:5)
  A howler monkey zombie (D:10)
  7 gnolls
  8 adders
  A river rat (D:5)
  3 white imps
  4 worms
  3 dart slugs
  18 orcs
  4 bats
  3 endoplasms
  6 giant cockroaches
  3 goblins
  4 hobgoblins
  4 jackals
  23 kobolds
  3 quokkas
  14 ball pythons
  8 frilled lizards
  5 rats
220 creatures vanquished.

Vanquished Creatures (collateral kills)
  A gnoll (D:6)
1 creature vanquished.

Vanquished Creatures (others)
  3 fungi
  26 plants
29 creatures vanquished.

Grand Total: 250 creatures vanquished

Notes
Turn   | Place    | Note
-------+----------+-------------------------------------------
     0 | D:1      | kae the Spriggan Enchanter began the quest for the Orb.
     0 | D:1      | Reached XP level 1. HP: 9/9 MP: 5/5
   378 | D:1      | Found a faded altar of an unknown god.
   431 | D:1      | Reached XP level 2. HP: 4/13 MP: 6/6
   879 | D:1      | Learned a level 2 spell: Ensorcelled Hibernation
  1584 | D:2      | Reached XP level 3. HP: 16/17 MP: 8/8
  1750 | D:2      | Noticed Sigmund
  2174 | D:2      | Learned a level 3 spell: Confusing Touch
  2178 | D:2      | Learned a level 3 spell: Tukima's Dance
  2535 | D:2      | Killed Sigmund
  2536 | D:2      | Reached skill level 1 in Fighting
  2536 | D:2      | Reached skill level 5 in Stealth
  2536 | D:2      | Reached XP level 4. HP: 11/22 MP: 3/10
  2536 | D:2      | Reached XP level 5. HP: 13/25 MP: 3/11
  2710 | D:2      | Noticed Jessica
  2711 | D:2      | Noticed Natasha
  2740 | D:2      | Killed Natasha
  2748 | D:2      | Killed Jessica
  2749 | D:2      | Reached XP level 6. HP: 9/30 MP: 2/12
  3918 | D:4      | Reached skill level 6 in Stealth
  4014 | D:4      | Found Xiad's Book Shop.
  4266 | D:4      | Learned a level 3 spell: Dazzling Flash
  4307 | D:4      | Found a hazy altar of Hepliaklqana.
  4607 | D:4      | Found a basalt altar of Yredelemnul.
  4621 | D:4      | Found an opulent altar of Gozag.
  4645 | D:4      | Reached XP level 7. HP: 35/35 MP: 7/14
  5141 | D:5      | Entered Level 5 of the Dungeon
  5144 | D:5      | Reached skill level 5 in Hexes
  5270 | D:5      | Identified the +1 robe "Keemul" {rPois Regen+}
  5597 | D:5      | Reached skill level 5 in Short Blades
  5652 | D:5      | Found a glowing drain.
  5668 | Sewer    | Entered a sewer
  6780 | D:5      | Reached skill level 5 in Dodging
  6890 | D:5      | Reached skill level 7 in Stealth
  6932 | D:5      | Reached XP level 8. HP: 38/39 MP: 6/16
  7302 | D:5      | Found a glowing silver altar of Zin.
  7307 | D:5      | Reached skill level 5 in Spellcasting
  7903 | D:6      | Found a staircase to the Ecumenical Temple.
  7924 | Temple   | Entered the Ecumenical Temple
  8106 | Temple   | Became a worshipper of Dithmenos the Shadowed
  8198 | D:6      | Noticed Edmund
  8205 | D:6      | Killed Edmund
  8206 | D:6      | Reached skill level 8 in Stealth
  8259 | D:6      | Noticed a kobold demonologist
  8260 | D:6      | Noticed a kobold demonologist
  8333 | D:6      | Killed a kobold demonologist
  8334 | D:6      | Reached XP level 9. HP: 44/44 MP: 6/18
  8365 | D:6      | Killed a kobold demonologist
  9585 | D:7      | Reached skill level 9 in Stealth
  9618 | D:7      | Identified the ring of Piuxiv {Fire rElec Int+6}
 10084 | D:8      | Reached * piety under Dithmenos
 10271 | D:8      | Reached XP level 10. HP: 27/50 MP: 3/21
 10273 | D:8      | Noticed Psyche
 11095 | D:8      | Killed Psyche
 11096 | D:8      | Reached skill level 10 in Stealth
 11445 | D:9      | Noticed a two-headed ogre
 11452 | D:9      | Killed a two-headed ogre
 11453 | D:9      | Reached skill level 5 in Fighting
 11461 | D:9      | Found a runed translucent gate.
 11461 | D:9      | Found a runed translucent gate.
 11489 | D:9      | Found a staircase to the Lair.
 11675 | D:9      | Found a runed translucent gate.
 11675 | D:9      | Noticed casual's ghost (novice DsTm)
 12112 | D:9      | Found a viscous altar of Jiyva.
 12149 | D:10     | Entered Level 10 of the Dungeon
 12359 | D:10     | Noticed a two-headed ogre
 12363 | D:10     | Killed a two-headed ogre
 12363 | D:10     | Reached ** piety under Dithmenos
 12364 | D:10     | Reached skill level 10 in Short Blades
 12450 | D:10     | Found a staircase to the Orcish Mines.
 12457 | D:10     | Found a snail-covered altar of Cheibriados.
 12646 | D:10     | Reached XP level 11. HP: 56/56 MP: 24/24
 12702 | D:10     | Noticed a four-headed hydra
 12709 | D:10     | Killed a four-headed hydra
 12710 | D:10     | Reached skill level 11 in Stealth
 13065 | Lair:1   | Entered Level 1 of the Lair of Beasts
 13070 | Lair:1   | Learned a level 3 spell: Swiftness
 13073 | Lair:1   | Learned a level 2 spell: Slow
 13080 | Lair:1   | Learned a level 6 spell: Invisibility
 13112 | Lair:1   | Noticed Erica
 13134 | Lair:1   | Killed from afar by Erica

Illustrated notes

Levels and vault maps discovered:
D:1:      dpeg_arrival_round_b, layout_basic,
          dreamdust_ecumenical_altar_hidden_monk_grotto, chequers_arboretum
D:2:      layout_basic, minmay_pentomino_w2, uniq_sigmund, uniq_jessica,
          uniq_natasha
D:3:      layout_basic
D:4:      layout_cave_pods, mainiacjoe_overflow_catwalk_spiral,
          mainiacjoe_overflow_cross_hatched, serial_shops, nicolae_stop_n_shop_2
D:5:      layout_basic, mainiacjoe_overflow_brackets, gup_sewer_entry_spiral,
          grunt_decor_arrowhead
D:6:      layout_basic, minmay_temple_entry_large_hall, kennysheep_path_1,
          uniq_edmund
D:7:      layout_rooms, minmay_crystal_room
D:8:      layout_basic, uniq_psyche
D:9:      layout_long_grid, grunt_lair_entry_orc_guard_hut, gammafunk_ghost_ooze
D:10:     layout_basic, mainiacjoe_overflow_chevrons,
          minmay_orc_entry_temple_small
Temple:   bh_familiar_temple
Lair:1:   layout_hall_layers, uniq_erica, uniq_sonja

Skill      XL: |  1  2  3  4  5  6  7  8  9 10 11 |
---------------+----------------------------------+-----
Short Blades   | 2 3 4 5 7 8 10 | 10.5
Dodging        | 3 4 5 6 7 8 9 |  9.2
Spellcasting   | 3 4 5 7 8 |  8.6
Fighting       | 1 2 3 4 5 |  5.4
Stealth        | 5 6 7 8 9 10 11 | 11.3
Hexes          | 4 5 6 7 8 |  8.9

Action                   |  1- 3 |  4- 6 |  7- 9 | 10-12 || total
-------------------------+-------+-------+-------+-------++-------
Melee: Dagger            |    99 |   102 |   418 |   148 ||   767
 Cast: Ensorcelled Hiber |    21 |    31 |   118 |    75 ||   245
       Tukima's Dance    |     2 |       |     2 |       ||     4
       Confusing Touch   |     1 |       |    12 |     4 ||    17
  Use: Scroll            |     1 |     1 |    10 |     4 ||    16
       Potion            |       |     2 |     1 |     1 ||     4
 Stab: Sleeping          |    18 |    22 |    65 |    46 ||   151
       Confused          |     1 |       |    11 |     5 ||    17
       Invisible         |       |     1 |       |       ||     1
Armor: Robe              |     4 |     6 |    50 |     4 ||    64
Dodge: Dodged            |    75 |    73 |   321 |   127 ||   596

Table legend: (Time is in decaauts)
 A = Elapsed time spent in this place.
 B = Non-inter-level travel time spent in this place.
 C = Inter-level travel time spent in this place.
 D = Time resting spent in this place.
 E = Time spent auto-exploring this place.
 F = Levels seen in this place.
 G = Mean time per level.
                   A        B        C        D        E       F      G
               +--------+--------+--------+--------+--------+-----+--------+
         Total |  10000 |   9761 |    239 |   2247 |   5674 |  13 |  769.2 |
       Dungeon |   8962 |   8736 |    226 |   2234 |   4936 |  10 |  896.2 |
        Temple |    121 |    109 |     12 |      0 |    106 |   1 |  121.0 |
          Lair |     52 |     52 |      0 |      0 |      7 |   1 |   52.0 |
         Sewer |    863 |    863 |      0 |     13 |    624 |   1 |  863.0 |
               +--------+--------+--------+--------+--------+-----+--------+

Top non-repeatable levels by time:
     D:1: 1352 daAuts
     D:2: 1251 daAuts
     D:6: 1161 daAuts
     D:5: 1104 daAuts
     D:4: 1051 daAuts
     D:8: 939 daAuts
   Sewer: 863 daAuts
    D:10: 641 daAuts
     D:9: 576 daAuts
     D:3: 487 daAuts
     D:7: 396 daAuts
  Temple: 121 daAuts
  Lair:1: 52 daAuts
